 Dungeon Crawl Stone Soup version 0.29-a0-824-gd827844252 (webtiles) character file.

Game seed: 1848704064525278662

55 jimonade the Insei (level 3, -4/24 HPs)
             Began as an Octopode Transmuter on July 11, 2022.
             Slain by an orc
             ... wielding a +0 falchion
              (6 damage)
             ... on level 3 of the Dungeon.
             The game lasted 00:04:32 (1952 turns).

jimonade the Insei (Octopode Transmuter)            Turns: 1952, Time: 00:04:32

Health: -4/24      AC:  1    Str: 11    XL:     3   Next: 93%
Magic:  6/6        EV: 13    Int: 15    God:
Gold:   58         SH:  0    Dex: 12    Spells: 0/6 levels left

rFire   . . .      SeeInvis .     - Unarmed
rCold   . . .      Faith    .   (no shield)
rNeg    . . .      Spirit   .   (helmet restricted)
rPois   .          Reflect  .   (no amulet)
rElec   .          Harm     .   k - ring of willpower
rCorr   .          Rampage  .   (no ring)
Will    +....                   (no ring)
Stlth   +++.......              (no ring)
HPRegen 0.08/turn               (no ring)
MPRegen 0.10/turn               (no ring)
                                (no ring)
                                (no ring)

@: no status effects
A: almost no armour, amphibious, 8 rings, camouflage 1, gelatinous body 1,
(nimble swimmer 1), tentacles
a: no special abilities


You were on level 3 of the Dungeon.
You visited 1 branch of the dungeon, and saw 3 of its levels.

You collected 58 gold pieces.

Inventory:

Missiles
 f - 4 boomerangs
Magical Staves
 v - a staff of death
Jewellery
 k - a ring of willpower (left tentacle)
 s - a ring of resist corrosion
 t - a +4 ring of protection
Scrolls
 e - a scroll of noise {unknown}
 h - a scroll of fear {unknown}
 m - a scroll of enchant weapon {unknown}
 p - 2 scrolls of identify {unknown}
 q - a scroll of poison {unknown}
 r - a scroll of teleportation {unknown}
 u - 3 scrolls of vulnerability {unknown}
Potions
 a - a potion of lignification
 b - a potion of attraction {unknown}
 c - a potion of resistance {unknown}
 d - 2 potions of brilliance {unknown}
 g - 3 potions of curing {unknown}
 i - a potion of flight {unknown}
 j - a potion of haste {unknown}
 l - a potion of degeneration {unknown}
 n - a potion of ambrosia {unknown}
 o - a potion of might {unknown}


   Skills:
 * Level 1.8 Fighting
 + Level 2.1 Dodging
 - Level 1.5 Stealth
 + Level 3.6 Unarmed Combat
 + Level 2.2 Spellcasting
 + Level 2.3 Transmutations


You couldn't memorise any spells.
You knew the following spells:

 Your Spells              Type           Power      Damage    Failure   Level
a - Beastly Appendage     Tmut           16%        N/A       9%          1
b - Wereblood             Tmut           8%         N/A       13%         2
c - Spider Form           Tmut/Pois      5%         N/A       38%         3

Your spell library contained the following spells:

 Spells                   Type           Power      Damage    Failure   Level
 Ice Form                 Ice/Tmut       5%         N/A       80%         4


Dungeon Overview and Level Annotations

Branches:
Dungeon (3/15)

Altars:

Shops:
D:1 *


Innate Abilities, Weirdness & Mutations

You cannot wear most types of armour.
You are amphibious.
You can wear up to eight rings at the same time.
Your skin changes colour to match your surroundings (Stealth+).
Your rubbery body absorbs attacks. (AC +1, EV +1)
((You are camouflaged when in or above water. (Stealth+)))
You have tentacles for arms and can constrict up to eight enemies at once.


Message History

You squeeze the orc, but do no damage.
The orc is lightly wounded.
The orc hits you with a +0 dagger.
You are too injured to fight recklessly!
You are too injured to fight recklessly!
You are too injured to fight recklessly!
You tentacle-slap the orc but do no damage.
You grab the orc. You squeeze the orc, but do no damage.
The orc is lightly wounded.
You constrict the orc. The orc hits you with a +0 dagger.
* * * LOW HITPOINT WARNING * * *
You tentacle-slap the orc but do no damage.
You pierce the orc.
The orc is heavily wounded.
You constrict the orc. The orc hits you with a +0 dagger.
* * * LOW HITPOINT WARNING * * *
You tentacle-slap the orc but do no damage.
You squeeze the orc, but do no damage.
The orc is heavily wounded.
You constrict the orc. The orc closely misses you.
You tentacle-slap the orc but do no damage.
You pierce the orc.
You kill the orc!
Your tentacle spike disappears.
The orc wizard hits you with a +0 dagger.
* * * LOW HITPOINT WARNING * * *
You closely miss the orc wizard. Your grab misses the orc wizard.
The orc wizard misses you.
You tentacle-slap the orc wizard. Your grab misses the orc wizard.
The orc wizard is lightly wounded.
You barely miss the orc wizard. You grab the orc wizard.
The orc wizard is lightly wounded.
You constrict the orc wizard.
The orc wizard escapes!
The orc hits you with a +0 falchion.
* * * LOW HITPOINT WARNING * * *
You closely miss the orc wizard. Your grab misses the orc wizard.
You tentacle-slap the orc wizard.
The orc wizard is heavily wounded.
The orc wizard barely misses you. The orc hits you with a +0 falchion.
You die...

#.#.......................#.
#.#...#.............#####.#.
#.#..............#.#### #.
#.#.#.#.####.###.#.... #.
#.#...#..........##..######.
#<........................#.
#.#.........P#####.P####P.#.
#.#....####### #..#).#..#.
.......# #@o# #.P#..#P...
.....#..# #oo#+###.P##'#....
..#.>....#+##'##..............
......##.......................
.....................##+##......
#..o#+##..#### ##+#... ..o #..#
#... .. #..# #... # #..# #..#


You could see an orc wizard and 2 orcs.

Vanquished Creatures
  An adder (D:2)
  3 worms (D:2)
  2 orcs (D:3)
  2 ball pythons (D:1)
  2 endoplasms (D:1)
  2 giant cockroaches (D:2)
  3 goblins
  3 hobgoblins
  4 jackals (D:2)
  A kobold (D:2)
  A quokka (D:1)
  4 bats
  4 rats
32 creatures vanquished.

Vanquished Creatures (others)
  A plant (D:1)
1 creature vanquished.

Grand Total: 33 creatures vanquished

Notes
Turn   | Place    | Note
-------+----------+-------------------------------------------
     0 | D:1      | jimonade the Octopode Transmuter began the quest for the
                  | Orb.
     0 | D:1      | Reached XP level 1. HP: 13/13 MP: 3/3
   102 | D:1      | Found Anoerusm's Assorted Antiques.
   114 | D:1      | Found a faded altar of an unknown god.
   168 | D:1      | Reached XP level 2. HP: 18/18 MP: 3/5
   982 | D:2      | Reached skill level 1 in Stealth
  1089 | D:2      | Learned a level 2 spell: Wereblood
  1111 | D:2      | Reached XP level 3. HP: 21/23 MP: 4/6
  1230 | D:2      | Learned a level 3 spell: Spider Form
  1952 | D:3      | Slain by an orc

Illustrated notes

Levels and vault maps discovered:
D:1:      erik_arrival_orb_chamber, layout_basic, serial_shops, shop,
          shapermc_ecumenical_altar_acropolis, minmay_misc_feat_alley
D:2:      layout_rooms
D:3:      corexii_shack_village, layout_basic, lemuel_tele_altar, uniq_grinder,
          uniq_ijyb, uniq_jessica

Skill      XL: |  1  2 |
---------------+-------+-----
Stealth        | 1 |  1.5
Fighting       | |  1.8
Dodging        | |  2.1
Unarmed Combat | |  3.6
Spellcasting   | |  2.2
Transmutations | |  2.3

Action                   || total
-------------------------++-------
Melee: Unarmed           ||    84
       Constrict         ||    21
       Kick              ||    24
       Tentacles         ||    14
       Punch             ||     3
Throw: Boomerang         ||     7
 Cast: Beastly Appendage ||    18
 Stab: Sleeping          ||     7
Armor: Skin              ||     3
Dodge: Dodged            ||    54

Table legend: (Time is in decaauts)
 A = Elapsed time spent in this place.
 B = Non-inter-level travel time spent in this place.
 C = Inter-level travel time spent in this place.
 D = Time resting spent in this place.
 E = Time spent auto-exploring this place.
 F = Levels seen in this place.
 G = Mean time per level.
                   A        B        C        D        E       F      G
               +--------+--------+--------+--------+--------+-----+--------+
         Total |   1947 |   1925 |     22 |    623 |    968 |   3 |  649.0 |
       Dungeon |   1947 |   1925 |     22 |    623 |    968 |   3 |  649.0 |
               +--------+--------+--------+--------+--------+-----+--------+

Top non-repeatable levels by time:
     D:2: 922 daAuts
     D:1: 892 daAuts
     D:3: 132 daAuts
